 Dungeon Crawl Stone Soup version 0.28.0-53-g5a82cb258f (webtiles) character file.

Game seed: 13496787785247284670

4 countessdiamond the Covered (level 1, 0/20 HPs)
             Began as a Minotaur Fighter on June 1, 2022.
             Slain by a worm (6 damage)
             ... on level 2 of the Dungeon.
             The game lasted 00:02:51 (392 turns).

countessdiamond the Covered (Minotaur Fighter)       Turns: 392, Time: 00:02:57

Health: 0/20       AC:  7    Str: 20    XL:     1   Next: 50%
Magic:  0/0        EV:  9    Int:  5    God:
Gold:   0          SH:  4    Dex:  9    Spells: 0/0 levels left

rFire   . . .      SeeInvis .   a - +0 long sword
rCold   . . .      Faith    .   c - +0 buckler
rNeg    . . .      Spirit   .   b - +0 scale mail
rPois   .          Reflect  .   (helmet restricted)
rElec   .          Harm     .   (no cloak)
rCorr   .          Rampage  .   (no gloves)
Will    .....                   (no boots)
Stlth   ..........              (no amulet)
HPRegen 0.06/turn               (no ring)
MPRegen 0.07/turn               (no ring)

@: no status effects
A: horns 2, retaliatory headbutt
a: no special abilities


You were on level 2 of the Dungeon.
You visited 1 branch of the dungeon, and saw 2 of its levels.

Inventory:

Hand Weapons
 a - a +0 long sword (weapon)
 i - a +0 short sword
Missiles
 g - 33 stones (quivered)
Armour
 b - a +0 scale mail (worn)
 c - a +0 buckler (worn)
 e - a +0 ring mail
Scrolls
 f - a scroll of enchant armour {unknown}
Potions
 d - a potion of might
 h - a potion of resistance {unknown}


   Skills:
 + Level 3.7 Fighting
 + Level 2.4 Long Blades
 + Level 3.7 Armour
 + Level 3.7 Shields


You couldn't memorise any spells.
You didn't know any spells.
Your spell library was empty.

Dungeon Overview and Level Annotations

Branches:
Dungeon (2/15)

Altars:


Innate Abilities, Weirdness & Mutations

You have a pair of horns on your head.
You reflexively headbutt those who attack you in melee.


Message History

The bat hits you but does no damage. x2
You miss the bat. You headbutt the bat, but do no damage.
The bat closely misses you. The bat completely misses you.
The bat closely misses you. The bat hits you but does no damage. x2
You hit the bat.
The bat is heavily wounded.
The bat hits you but does no damage.
A worm and a hobgoblin come into view.
The hobgoblin shouts!
The bat hits you. The bat hits you but does no damage.
An endoplasm comes into view.
You block the bat's attack.
Found 16 gold pieces.
The bat barely misses you.
Found a war axe.
You block the bat's attack. The hobgoblin hits you.
You closely miss the bat. The bat hits you but does no damage.
The endoplasm freezes you.
You are frozen.
The hobgoblin hits you but does no damage.
The bat hits you but does no damage. The bat hits you but does no damage.
The endoplasm freezes you.
You are frozen.
The bat barely misses you. The worm barely misses you.
You hit the endoplasm.
The endoplasm is moderately wounded.
The bat hits you but does no damage. The endoplasm freezes you.
You are frozen.
The hobgoblin closely misses you. You furiously retaliate!
You headbutt the hobgoblin. The endoplasm barely misses you.
The worm barely misses you. You furiously retaliate!
You headbutt the worm! You slash the hobgoblin!
You kill the hobgoblin!
The bat hits you but does no damage. The endoplasm freezes you.
You are frozen.
* * * LOW HITPOINT WARNING * * *
The worm bites you.
You die...

##..# ##.### #.#.
..#..# #....# #.#.
#.#..# ####.#
#.#.##.#..# #.#
#.#.......#### #.#
#.#......b...# #.#
#.##$........#
#.####......w.....#
#...........†@..$.#
#########...J.....#
#.........#
^...........#
..#..........# ♣.
#.........)# .
#........###
#........#


You could see a worm, an endoplasm and a bat.

Vanquished Creatures
  A hobgoblin (D:2)
  2 quokkas (D:1)
  A kobold (D:1)
  A rat (D:1)
5 creatures vanquished.

Notes
Turn   | Place    | Note
-------+----------+-------------------------------------------
     0 | D:1      | countessdiamond the Minotaur Fighter began the quest for
                  | the Orb.
     0 | D:1      | Reached XP level 1. HP: 19/19 MP: 0/0
   392 | D:2      | Slain by a worm

Illustrated notes

Levels and vault maps discovered:
D:1:      lightli_arrival_boilingwater, layout_loops_corners, minmay_tripent
D:2:      layout_basic, amcnicky_mini_rare_corridor_liquid, chequers_avenue

Action                   || total
-------------------------++-------
Melee: Long sword        ||    17
       Headbutt          ||     1
Armor: Scale mail        ||    17
Dodge: Dodged            ||    17
Block: Buckler           ||     7
